 Dungeon Crawl Stone Soup version 0.31-a0-1612-g4aaf141004 (webtiles) character file.

Game seed: 4699969408838463040

1601872 Ge0ff the Young Dragon (level 27, 176/224 HPs)
             Began as a Merfolk Air Elementalist on Jan 8, 2024.
             Was a Priest of Wu Jian.
             Escaped with the Orb
             ... and 3 runes on Jan 9, 2024!
             The game lasted 02:41:32 (75403 turns).

Ge0ff the Young Dragon (Merfolk Air Elementalist)  Turns: 75403, Time: 02:41:32

Health: 176/224    AC: 31    Str: 12    XL:     27
Magic:  17/42      EV: 28    Int: 18    God:    Wu Jian [***...]
Gold:   313        SH: 20    Dex: 29    Spells: 17/40 levels left

rFire   + . .        a - +11 Singing Sword {sonic wave}
rCold   . . .        z - +3 kite shield
rNeg    + . .        h - +5 ring mail of Uzxo {rElec MP+9 SInv}
rPois   +            x - +2 hat {SInv}
rElec   +            L - +1 cloak
rCorr   .            t - +2 pair of gloves {Dex+3}
SInv    +            f - +2 pair of boots of Dust Devil {rElec rN+ Int+3 Stlth-}
Will    ++...        Q - amulet of guardian spirit
Stlth   ++           e - ring of protection from fire
HPRegen 0.57/turn    P - ring of Sin {rPois AC+4, =R}
MPRegen 0.28/turn

%: guardian spirit
@: mighty, studying Stealth
A: (nimble swimmer 2), mertail, horns 1, iridescent scales 1, agile 1, low MP 1,
electricity resistance, evolution 1, inability to read after injury 1,
MP-powered wands
0: Orb of Zot
}: 3/15 runes: decaying, silver, gossamer
a: Renounce Religion, Wall Jump, Serpent's Lash


You escaped.
You worshipped Wu Jian.
Wu Jian was most pleased with you.
You visited 10 branches of the dungeon, and saw 48 of its levels.
You visited the Abyss 1 time.
You visited 1 bazaar.
You also visited: Ice Cave and Wizlab.

You collected 7618 gold pieces.
You spent 7305 gold pieces at shops.

Inventory:

Hand Weapons
 a - the +11 Singing Sword (weapon) {sonic wave}
   (You found it on level 5 of the Dungeon)
 b - the +5 long sword "Tormentor" {heavy, Will+ MP+9}
   (You found it on level 10 of the Dungeon)

   Will+:     It increases your willpower.
   MP+9:      It affects your magic capacity (+9).
Missiles
 k - 11 javelins (quivered)
 v - 4 curare-tipped darts {=F}
 Y - 24 silver javelins
Armour
 f - the +2 pair of boots of Dust Devil (worn) {rElec rN+ Int+3 Stlth-}
   (You found it on level 2 of the Spider Nest)

   Int+3:     It affects your intelligence (+3).
   rElec:     It insulates you from electricity.
   rN+:       It protects you from negative energy.
   Stlth-:    It makes you less stealthy.
 h - the +5 ring mail of Uzxo (worn) {rElec MP+9 SInv}
   (You found it in an ice cave)

   rElec:     It insulates you from electricity.
   MP+9:      It affects your magic capacity (+9).
   SInv:      It lets you see invisible.
 t - a +2 pair of gloves of dexterity (worn)
 x - a +2 hat of see invisible (worn)
 z - a +3 kite shield (worn)
 L - a +1 cloak (worn)
Jewellery
 e - a ring of protection from fire (left hand)
 w - the ring of Bekeah {rPois rC+ MP+9 Str+2 SInv}
   (You found it on level 2 of the Realm of Zot)

   [ring of magical power]

   Str+2:     It affects your strength (+2).
   rC+:       It protects you from cold.
   rPois:     It protects you from poison MP+9: It affects your magic capacity
   (+9).
   SInv:      It lets you see invisible.
 D - a +6 ring of dexterity
 G - a ring of willpower
 P - the ring of Sin (right hand) {rPois AC+4, =R}
   (You bought it in a shop on level 9 of the Dungeon)

   [ring of protection]

   AC+4:      It affects your AC (+4).
   rPois:     It protects you from poison
 Q - an amulet of guardian spirit (around neck)
 S - an amulet of faith
Wands
 d - a wand of digging (20)
 j - a wand of acid (29)
 p - a wand of paralysis (12)
 r - a wand of roots (25)
 s - a wand of mindburst (25)
Scrolls
 y - 7 scrolls of immolation
 B - 2 scrolls of blinking
 C - a scroll of poison
 E - 10 scrolls of fear
 F - 6 scrolls of fog
 T - 10 scrolls of teleportation
 V - 8 scrolls of vulnerability
Potions
 o - 9 potions of ambrosia
 q - 23 potions of curing
 u - 9 potions of mutation {!q}
 A - 7 potions of attraction
 H - a potion of haste {!q}
 I - a potion of invisibility
 K - 10 potions of magic {!q}
 M - 6 potions of might
 N - 3 potions of cancellation {!q}
 R - 4 potions of resistance
 W - 9 potions of heal wounds {!q}
 X - 5 potions of enlightenment
 Z - 5 potions of berserk rage {!q}
Miscellaneous
 c - a condenser vane
 l - a lightning rod (4/4)
 n - a phial of floods
 O - a sack of spiders (inert)
 U - a phantom mirror (inert)


   Skills:
 - Level 20.0 Fighting
 - Level 4.0(11.0) Short Blades
 - Level 15.7(16.0) Long Blades
 - Level 6.0 Throwing
 + Level 15.3 Armour
 - Level 20.0 Dodging
 - Level 15.0 Stealth
 + Level 16.9 Shields
 - Level 7.0 Spellcasting
 - Level 8.0 Conjurations
 - Level 7.0 Translocations
 - Level 9.0 Air Magic
 - Level 6.7 Earth Magic
 - Level 15.0 Alchemy
 - Level 20.1 Invocations
 - Level 15.0 Evocations


You had 17 spell levels left.
You knew the following spells:

 Your Spells              Type           Power      Damage    Failure   Level
f - Mephitic Cloud        Conj/Alch/Air  44%        N/A       1%          3
g - Apportation           Tloc           62%        N/A       1%          1
q - Swiftness             Air            38%        N/A       2%          3
v - Mercury Vapours       Alch/Air       98%        N/A       1%          2
w - Passwall              Erth           30%        N/A       6%          3
B - Blink                 Tloc           62%        N/A       2%          2
C - Airstrike             Air            19%        2d(3-19)  9%          4
E - Irradiate             Conj/Alch      23%        3d19      9%          5

Your spell library contained the following spells:

 Spells                   Type           Power      Damage    Failure   Level
 Magic Dart               Conj           100%       1d8       1%          1
 Shock                    Conj/Air       100%       1d9       1%          1
 Searing Ray              Conj           70%        2d7       1%          2
 Static Discharge         Conj/Air       72%        3-6/arc   1%          2
 Olgreb's Toxic Radiance  Alch           57%        N/A       1%          4
 Alistair's Intoxication  Alch           38%        N/A       1%          5
 Lesser Beckoning         Tloc           62%        N/A       2%          2
 Momentum Strike          Conj/Tloc      66%        3d9       2%          2
 Fulminant Prism          Conj/Alch      23%        3d12      3%          4
 Leda's Liquefaction      Alch/Erth      22%        N/A       3%          4
 Petrify                  Alch/Erth      45%        N/A       3%          4
 Gell's Gravitas          Tloc           31%        N/A       5%          3
 Teleport Other           Tloc           31%        N/A       5%          3
 Foxfire                  Conj/Fire      80%        2x1d8     6%          1
 Vhi's Electric Charge    Tloc/Air       70%        N/A       12%         4
 Brom's Barrelling Bould  Conj/Erth      32%        2d5       16%         4
 Dazzling Flash           Conj/Hex       40%        N/A       19%         3
 Hailstorm                Conj/Ice       20%        3d7       19%         3
 Manifold Assault         Tloc           31%        N/A       19%         4
 Passage of Golubria      Tloc           31%        N/A       19%         4
 Arcjolt                  Conj/Air       18%        1d28      28%         5
 Freeze                   Ice            24%        1d4       32%         1
 Necrotise                Necr           24%        1d5       32%         1
 Slow                     Hex            24%        N/A       32%         1
 Summon Small Mammal      Summ           24%        N/A       32%         1
 Iskenderun's Battlesphe  Conj           35%        2d9       34%         5
 Yara's Violent Unravell  Hex/Alch       16%        3d8       38%         5
 Call Imp                 Summ           12%        N/A       45%         2
 Ensorcelled Hibernation  Hex/Ice        12%        N/A       45%         2
 Jinxbite                 Hex            12%        N/A       45%         2
 Scorch                   Fire           12%        2d5       45%         2
 Sublimation of Blood     Necr           6%         N/A       45%         2
 Summon Lightning Spire   Summ/Air       22%        N/A       45%         4
 Flame Wave               Conj/Fire      20%        2d7       54%         4
 Freezing Cloud           Conj/Ice/Air   13%        6-21      67%         5
 Call Canine Familiar     Summ           6%         N/A       69%         3
 Confusing Touch          Hex            6%         N/A       69%         3
 Frozen Ramparts          Ice            12%        1d2       69%         3
 Sigil of Binding         Hex            6%         N/A       69%         3
 Summon Ice Beast         Ice/Summ       6%         N/A       69%         3
 Tukima's Dance           Hex            6%         N/A       69%         3
 Vampiric Draining        Necr           6%         2d6       69%         3
 Silence                  Hex/Air        11%        N/A       82%         5
 Conjure Ball Lightning   Conj/Air       18%        3x3d6     83%         6
 Fireball                 Conj/Fire      10%        3d6       87%         5
 Sculpt Simulacrum        Ice/Alch       16%        N/A       93%         6
 Bombard                  Conj/Erth      16%        9d3       94%         6
 Dispersal                Tloc           15%        N/A       96%         6
 Anguish                  Hex/Necr       3%         N/A       97%         4
 Cause Fear               Hex            3%         N/A       97%         4
 Martyr's Knell           Necr/Summ      6%         N/A       97%         4
 Summon Blazeheart Golem  Fire/Summ      6%         N/A       97%         4
 Curse of Agony           Necr           6%         N/A       100%        5
 Summon Mana Viper        Hex/Summ       6%         N/A       100%        5
 Plasma Beam              Fire/Air       11%        2x1d22    100%        6
 Starburst                Conj/Fire      10%        6d5       100%        6
 Summon Cactus Giant      Summ           3%         N/A       100%        6
 Enfeeble                 Hex            3%         N/A       100%        7
 Haunt                    Necr/Summ      3%         N/A       100%        7
 Monstrous Menagerie      Summ           3%         N/A       100%        7
 Orb of Destruction       Conj           17%        9d7       100%        7
 Ozocubu's Refrigeration  Ice            3%         4d8       100%        7
 Spellforged Servitor     Conj/Summ      10%        N/A       100%        7
 Summon Hydra             Summ           3%         N/A       100%        7
 Borgnjor's Revivificati  Necr           3%         N/A       100%        8
 Discord                  Hex            3%         N/A       100%        8
 Disjunction              Tloc           15%        N/A       100%        8
 Maxwell's Capacitive Co  Air            19%        ∞         100%        8
 Death's Door             Necr           3%         N/A       100%        9
 Dragon's Call            Summ           3%         N/A       100%        9


Dungeon Overview and Level Annotations

Branches:
Dungeon (15/15)            Temple (1/1) D:6            Lair (5/5) D:10
  Swamp (4/4) Lair:2       Spider (4/4) Lair:3        Slime (0/5) Lair:5
    Orc (2/2) D:10            Elf (3/3) Orc:2        Vaults (5/5) D:14
  Crypt (0/3) Vaults:2     Depths (4/4) D:15            Zot (5/5) Depths:4
  IceCv (visited)          WizLab (visited)

Altars:
Ashenzari
Cheibriados
Dithmenos
Elyvilon
Fedhas
Gozag
Hepliaklqana
Kikubaaqudgha
Makhleb
Nemelex Xobeh
Okawaru
Qazlal
Ru
Sif Muna
Trog
Uskayaw
Vehumet
Wu Jian
Xom
Yredelemnul
Zin
The Shining One

Shops:
D:2 *   D:5 [   D:8 *   D:9 =   D:15 *   Orc:2 **=*(   Elf:3 *   Vaults:2 (
Vaults:3 ?   Vaults:4 (   Vaults:5 !!!   Depths:1 *?   Depths:3 :=:[
Depths:4 :

Portals:
Hell: Depths:1 Depths:2 Depths:3 Depths:4
Abyss: Depths:3
Pandemonium: Depths:1 Depths:2 Depths:3
Ziggurat: Depths:1

Annotations:
D:10 Boris
Depths:1 1 runed translucent door, exclusion: door, Hauff's ghost, veteran GrEE
Zot:2 Parghit


Innate Abilities, Weirdness & Mutations

((You are very nimble when in or above water. (Stealth+, EV+, Speed+++)))
Your lower body shifts to a powerful aquatic tail in water.
You have a pair of small horns on your head.
You are partially covered in iridescent scales. (AC +2)
You are agile. (Dex +4, Str/Int -1)
Your magical capacity is low. (-10% MP)
You are resistant to electric shocks. (rElec)
You have hidden genetic potential.
You occasionally lose the ability to read scrolls when taking damage.
You expend magic power (3 MP) to strengthen your wands.


Message History

You block Bifer's attack. Bifer completely misses you.
Aiming: Fastroot
Press: ? - help, Shift-Dir - straight line, f/p - Bifer
Aim: Bifer, armed with a chaotic touch (severely wounded)
You feel a surge of power!
The roots erupt in riotous growth!
Roots grab Bifer.
The grasping roots constrict Bifer!
You block Bifer's attack. Bifer hits you. Bifer freezes you.
You spin and attack Bifer.
You hit Bifer but do no damage. You headbutt Bifer, but do no damage.
Bifer is severely wounded.
The grasping roots constrict Bifer, but do no damage.
Bifer hits you but does no damage.
You spin and attack Bifer.
You slash Bifer! You headbutt Bifer.
Bifer is severely wounded.
The grasping roots constrict Bifer!
You block Bifer's attack. Bifer misses you.
You hit Bifer but do no damage. You headbutt Bifer, but do no damage.
Bifer is almost dead.
The grasping roots constrict Bifer, but do no damage.
The roots release their grip on Bifer.
Bifer hits you but does no damage.
You hit Bifer.
Bifer is almost dead.
Bifer completely misses you. You block Bifer's attack.
Aiming: Fastroot
Press: ? - help, Shift-Dir - straight line, f/p - Bifer
Aim: Bifer, armed with a chaotic touch (almost dead)
You feel a surge of power!
The roots erupt in riotous growth!
Roots grab Bifer.
The grasping roots constrict Bifer.
Bifer misses you. Bifer completely misses you.
You hit Bifer but do no damage. You headbutt Bifer, but do no damage.
Bifer is almost dead.
The grasping roots constrict Bifer!
You block Bifer's attack.
You completely miss Bifer.
Bifer is almost dead.
Your attacks no longer feel as feeble.
The grasping roots constrict Bifer!
Bifer closely misses you. Bifer misses you.
You barely miss Bifer.
Bifer is almost dead.
The grasping roots constrict Bifer!
Bifer misses you. You block Bifer's attack.
You slice Bifer!!
You kill Bifer!
The Council accepts your kill.
Your life force feels restored.
You feel your magic capacity decrease.
The Singing Sword hums in delight!
a - the +11 Singing Sword (weapon)
{sonic wave}
There is a staircase leading out of the dungeon here.
Okay, then.
You have escaped!

........#
##.........#.....#
........#
#..........#....##
........#
#'###......#......
........# #.#
#######.)..... ..#######
#.# #.##.... ..# #.#
#.##.... ..# ##.##
##.##.... ..#
#######...#######..##....
..#
##.'.....@.....'.#.#######
### #..##.........##.#.# #
##.####.......###...# #
#...# ##)....## ##.## #
#...# ##...## ##.########
# #...# ##.## #..##......
## #...# ### #.###...[..
.### #...# ###### #.#
#...... ...# #...# #....#
###+###......


There were no monsters in sight!

Vanquished Creatures
  2 dread liches
  3 orbs of fire
  4 ancient liches
  Josephina (Zot:4)
  Vv (Depths:4)
  A Killer Klown (Zot:2)
  Boris (Vaults:4)
  Bai Suzhen (Swamp:4)
  the Lernaean hydra (Swamp:4)
  A pandemonium lord (D:1)
  3 curse toes
  A caustic shrike (Depths:3)
  19 golden dragons
  Norris (Vaults:3)
  4 electric golems
  22 tentacled monstrosities
  Jorgrun (Elf:2)
  Rupert (D:12)
  A walking crystal tome (Depths:3)
  The ghost of Yphese Lihe the Warrior, an adept MiFi of the Shining One (Elf:2)
  A deep elf blademaster (Elf:3)
  24 Orb Guardians
  2 liches
  2 walking frostbound tomes (Depths:3)
  10 titans
  7 sphinxes
  4 deep elf master archers (Elf:3)
  3 acid blobs (Zot:3)
  3 quicksilver dragons (Zot:3)
  6 ancient champions
  8 death cobs
  7 tengu reavers
  Roxanne (Swamp:4)
  A thorn hunter (Swamp:3)
  7 shadow dragons
  11 storm dragons
  A revenant (WizLab)
  Donald (Swamp:3)
  9 fire giants
  6 draconian monks
  5 protean progenitors
  6 draconian knights
  An emperor scorpion (Spider:3)
  The ghost of Cuam the Brawler, a journeyman TrCK of Xom (D:15)
  7 deep elf sorcerers
  16 frost giants
  10 vault wardens
  3 ghost moths
  4 draconian shifters
  Louise (Swamp:3)
  6 draconian scorchers
  A deep elf elementalist (Elf:3)
  A cacodemon (D:15)
  2 orc warlords (Vaults:2)
  5 draconian stormcallers
  2 balrugs
  A spectral caustic shrike (WizLab)
  A reaper (IceCv)
  16 ironbound preservers
  A quicksilver ooze (Zot:3)
  A broodmother (Spider:1)
  4 draconian annihilators
  13 very ugly things
  19 stone giants
  6 eleionomae
  The ghost of SliceSliceBaby the Severer, a journeyman MiFi of Okawaru (Lair:5)
  2 vampire knights
  Nessos (D:13)
  10 green draconians
  4 ironbound thunderhulks
  15 deep elf annihilators
  6 black draconians
  A lorocyproca (D:1)
  10 dire elephants
  9 purple draconians
  7 deep elf demonologists
  3 war gargoyles
  6 white draconians
  6 deep elf death magi
  A spectral titan (WizLab)
  3 spark wasps
  13 red draconians
  9 bunyips
  23 yellow draconians
  5 halazid warlocks (WizLab)
  Azrael (Elf:2)
  2 blizzard demons
  2 eidola (WizLab)
  8 fire dragons
  4 green deaths
  2 crystal guardians
  7 deep elf high priests
  A shambling mangrove (Swamp:3)
  11 ettins
  9 entropy weavers
  16 yaktaur captains
  3 jiangshi (Depths:1)
  3 great orbs of eyes
  A ghost crab (Swamp:2)
  A hell beast (Depths:3)
  2 jorogumos (Spider:3)
  7 ice dragons
  3 peacekeepers
  A salamander tyrant (Depths:4)
  8 ironbound frosthearts
  38 vault guards
  27 hydras
  4 spriggan air magi
  2 rakshasas (Depths:4)
  9 deep troll shamans
  8 ogre magi
  11 death yaks
  3 two-headed ogres (Orc:2)
  A catoblepas (Lair:4)
  16 centaur warriors
  14 alligators
  14 boulder beetles
  4 hell hogs (Depths:3)
  15 demonic crawlers
  7 radroaches
  8 deep troll earth magi
  29 dancing weapons
  3 spriggan berserkers (Depths:3)
  3 tengu warriors
  4 vampire magi
  2 occultists
  7 hell knights (Depths:3)
  Sonja (Lair:3)
  A soul eater (Depths:3)
  8 sun demons
  A titan zombie (WizLab)
  14 deep elf knights
  Nergalle (Lair:3)
  5 spriggans
  A shadow wraith (WizLab)
  A shock serpent (shapeshifter) (Vaults:5)
  6 pharaoh ants
  A spectral anaconda (Lair:5)
  3 spark wasp zombies
  2 sixfirhies (Depths:2)
  2 skeletal warriors (WizLab)
  3 spectral spark wasps (WizLab)
  5 goliath frogs
  5 skysharks
  4 glowing orange brains
  A storm dragon skeleton (Depths:2)
  A cherub (D:1)
  18 iron trolls
  45 deep trolls
  7 orb spiders
  5 sun moths
  7 orc knights
  2 bog bodies
  5 flayed ghosts
  5 spriggan druids
  8 swamp dragons (Swamp:4)
  7 arcanists
  A quicksilver dragon simulacrum (Zot:4)
  6 harpies
  14 lindwurms
  An obsidian statue (Lair:5)
  2 spectral wolf spiders (WizLab)
  14 deep elf archers
  8 steelbarb worms
  3 orb spiders (shapeshifter)
  30 deep elf pyromancers
  19 ironbound convokers
  A lindwurm (shapeshifter) (Vaults:5)
  A wolf spider zombie (WizLab)
  19 deep elf zephyrmancers
  10 necromancers
  11 phantasmal warriors
  A shadow dragon zombie (Depths:1)
  9 oklob plants
  A large abomination (D:12)
  37 ugly things
  2 manticores
  4 orc sorcerers
  5 salamanders
  13 wolf spiders
  2 manticores (shapeshifter)
  2 cyclopes
  2 will-o-the-wisps (Swamp:3)
  A frost giant zombie (Depths:2)
  2 elephants (shapeshifter)
  2 black mambas (Lair:1)
  7 meliai
  25 moths of wrath
  27 slime creatures
  A titan simulacrum (Depths:2)
  19 vault sentinels
  18 elephants
  A water nymph (shapeshifter) (Depths:3)
  A kobold blastminer (Orc:2)
  3 smoke demons
  10 cane toads
  A gargoyle (D:13)
  A storm dragon simulacrum (Depths:2)
  2 ice statues (IceCv)
  7 torpor snails
  2 dire elephant skeletons (Lair:5)
  A hellion (Depths:3)
  3 unseen horror zombies (D:9)
  2 efreet
  3 unseen horrors
  6 komodo dragons
  The ghost of YordlordTheGreat the Caller, a novice MfSu of Ashenzari (D:5)
  A rime drake (shapeshifter) (D:13)
  28 yaktaurs
  Psyche (D:12)
  6 ice devils (IceCv)
  6 rime drakes
  3 anaconda simulacra (IceCv)
  A freezing wraith (Vaults:5)
  2 spectral harpies (WizLab)
  2 golden dragon simulacra (Zot:4)
  2 polar bears (shapeshifter) (D:15)
  2 tormentors
  4 trolls
  3 polar bears
  6 hornets
  A queen bee (shapeshifter) (D:15)
  13 tyrant leeches
  17 tarantellas
  4 blink frogs (Lair:5)
  A glass eye (Depths:3)
  2 spriggan zombies (WizLab)
  16 culicivoras
  A shadow (D:10)
  40 yaks
  6 wraiths
  A water elemental (Elf:2)
  An air elemental (Elf:1)
  20 jumping spiders
  A culicivora (shapeshifter) (D:15)
  A ynoxinul (D:7)
  2 dire elephant simulacra (IceCv)
  6 fire elementals (Elf:2)
  6 wyverns
  6 basilisks
  A human (shapeshifter) (D:15)
  A golden eye (Lair:4)
  Grum (D:9)
  A golden eye (shapeshifter) (Elf:3)
  A basilisk (shapeshifter) (D:15)
  3 neqoxecs (D:15)
  A red draconian simulacrum (Zot:4)
  A redback (shapeshifter) (D:15)
  47 redbacks
  8 vampire mosquitoes
  8 wargs
  A harpy simulacrum (IceCv)
  4 hydra simulacra (IceCv)
  19 swamp worms
  6 acid dragons
  2 hell hounds (Elf:2)
  6 swamp drakes
  14 water moccasins
  16 orc warriors
  3 sky beasts
  2 black bears
  An ettin simulacrum (Depths:1)
  2 ice beasts
  14 laughing skulls (WizLab)
  22 wolves
  23 centaurs
  9 ogres
  A phantom (D:6)
  2 kobold brigands
  8 bullfrogs
  9 scorpions
  2 earth elementals (Elf:3)
  2 gnoll sergeants
  A wyvern zombie (D:9)
  A cane toad simulacrum (Lair:5)
  9 wights
  An elephant simulacrum (IceCv)
  9 killer bees
  3 howler monkeys (D:8)
  3 centaur zombies (D:9)
  3 hounds
  22 jellies
  14 orc priests
  2 iguanas (D:6)
  2 sleepcaps
  35 orc wizards
  Ijyb (D:5)
  The ghost of iamserjio the Firebug, a weakling TeFE (D:3)
  2 howler monkey zombies (D:9)
  7 gnolls
  10 adders
  A shadow imp (D:5)
  3 white imps
  2 ufetubi (IceCv)
  2 ribbon worms
  3 dart slugs
  97 orcs
  7 ball pythons
  8 bats
  8 endoplasms
  5 giant cockroaches
  10 goblins
  3 hobgoblins
  4 jackals (D:2)
  3 quokkas
  6 frilled lizards
  15 kobolds
  3 rats
  2 aspiring fleshes
  A spectral weapon (Elf:2)
2074 creatures vanquished.

Vanquished Creatures (collateral kills)
  An ancient lich (Zot:5)
  4 orbs of fire (Zot:5)
  3 Killer Klowns (Zot:5)
  2 tentacled monstrosities
  4 Orb Guardians (Zot:5)
  A white draconian (Zot:2)
  A demonic crawler (Spider:1)
  2 skysharks (Vaults:3)
  An orb spider (Zot:5)
  A tarantella (Spider:1)
  2 redbacks (Spider:1)
22 creatures vanquished.

Vanquished Creatures (others)
  A pandemonium lord (D:1)
  An Orb Guardian (Zot:5)
  A draconian knight (Zot:3)
  A draconian shifter (Zot:3)
  2 quicksilver oozes (Zot:5)
  A black draconian (Zot:3)
  A yellow draconian (Zot:3)
  A red draconian (Zot:3)
  A deep elf knight (Elf:3)
  2 orb spiders (Zot:5)
  A bog body (Swamp:1)
  3 swamp dragons (Zot:5)
  A deep elf archer (Elf:2)
  A lindwurm (Vaults:3)
  An orange demon (D:1)
  4 bloated husks
  2 redbacks (Zot:5)
  An aspiring flesh (Zot:5)
  4 foxfires (Swamp:3)
30 creatures vanquished.

Grand Total: 2126 creatures vanquished

Notes
Turn   | Place    | Note
-------+----------+-------------------------------------------
     0 | D:1      | Ge0ff the Merfolk Air Elementalist began the quest for the
                  | Orb.
     0 | D:1      | Reached XP level 1. HP: 13/13 MP: 3/3
    65 | D:1      | You fall into a shaft and drop 1 floor!
   128 | D:1      | Reached skill level 1 in Conjurations
   170 | D:1      | Reached XP level 2. HP: 19/19 MP: 0/5
   247 | D:1      | Learned a level 2 spell: Static Discharge
   411 | D:1      | Found a faded altar of an unknown god.
  1052 | D:2      | Reached XP level 3. HP: 21/24 MP: 3/6
  1446 | D:2      | Found Baihuhof's Assorted Antiques.
  1461 | D:2      | Bought a metallic black potion for 24 gold pieces
  1461 | D:2      | Bought a lumpy black potion for 24 gold pieces
  1461 | D:2      | Bought a scroll labelled WEANUY WIFUYSCH for 27 gold pieces
  1562 | D:2      | Reached skill level 1 in Fighting
  1596 | D:2      | Reached XP level 4. HP: 32/32 MP: 2/7
  1991 | D:3      | Found a runed translucent door.
  1992 | D:3      | Noticed iamserjio's ghost (weakling TeFE)
  2041 | D:3      | Learned a level 2 spell: Mercury Vapours
  2201 | D:3      | Reached skill level 1 in Alchemy
  2341 | D:2      | Bought a scroll labelled CEBACR LAGARAU for 27 gold pieces
  2796 | D:3      | Killed iamserjio's ghost
  2797 | D:3      | Reached XP level 5. HP: 34/37 MP: 2/8
  3086 | D:4      | Found a hazy altar of Hepliaklqana.
  3087 | D:4      | Found an ornate altar of the Wu Jian Council.
  3254 | D:4      | Reached skill level 1 in Short Blades
  3763 | D:5      | Entered Level 5 of the Dungeon
  3767 | D:5      | Noticed a water moccasin
  3837 | D:4      | Reached skill level 1 in Armour
  3837 | D:4      | Reached XP level 6. HP: 29/44 MP: 3/9
  3998 | D:5      | Noticed a water moccasin
  4008 | D:5      | Killed a water moccasin
  4064 | D:5      | Killed a water moccasin
  4065 | D:5      | Reached XP level 7. HP: 47/52 MP: 2/10
  4070 | D:5      | Learned a level 4 spell: Airstrike
  4262 | D:5      | Noticed Ijyb
  4266 | D:5      | Killed Ijyb
  4517 | D:5      | Reached XP level 8. HP: 49/58 MP: 5/13
  4615 | D:5      | Reached skill level 5 in Air Magic
  4867 | D:5      | Found Xolal's Antique Armour Emporium.
  5042 | D:5      | Found a runed translucent gate.
  5043 | D:5      | Noticed YordlordTheGreat's ghost (novice MfSu)
  5043 | D:5      | Found a runed translucent gate.
  5043 | D:5      | Identified the +1 scale mail of Disguise {Harm MP+9 Str+6
                  | Int-2}
  5044 | D:5      | Found a runed translucent gate.
  5399 | D:5      | Found the +11 Singing Sword {sonic wave}
  5605 | D:6      | Reached skill level 1 in Long Blades
  6088 | D:6      | Reached XP level 9. HP: 62/63 MP: 9/15
  6274 | D:6      | Reached skill level 5 in Long Blades
  6636 | D:6      | Found a staircase to the Ecumenical Temple.
  6646 | Temple   | Entered the Ecumenical Temple
  6705 | D:4      | Became a worshipper of the Wu Jian Council
  8320 | D:8      | Found Juevaj's Fire Supplies.
  8336 | D:8      | Bought a +2 pair of boots of fire resistance for 301 gold
                  | pieces
  8358 | D:8      | Reached skill level 10 in Long Blades
  8358 | D:8      | Reached XP level 10. HP: 46/70 MP: 16/16
  8363 | D:8      | Reached * piety under Wu Jian
  8661 | D:8      | Upgraded the game from 0.31-a0-1606-g60c5cc7444 to
                  | 0.31-a0-1612-g4aaf141004
  9345 | D:9      | Found a basalt altar of Yredelemnul.
  9354 | D:9      | Reached skill level 1 in Evocations
  9395 | D:9      | Found Kieklej's Jewellery Emporium.
  9551 | D:9      | Reached ** piety under Wu Jian
  9732 | D:9      | Reached skill level 5 in Dodging
 10030 | D:9      | Reached skill level 5 in Fighting
 10116 | D:9      | Noticed Grum
 10120 | D:9      | Reached XP level 11. HP: 76/80 MP: 15/17
 10123 | D:9      | Killed Grum
 10417 | D:9      | Identified a scroll of acquirement
 10418 | D:9      | Acquired 368 gold pieces
 10741 | D:10     | Entered Level 10 of the Dungeon
 10746 | D:10     | Found a staircase to the Orcish Mines.
 10791 | D:10     | Found a staircase to the Lair.
 11497 | D:10     | Identified the +5 long sword "Tormentor" {heavy, Will+
                  | MP+9}
 11746 | D:11     | Reached *** piety under Wu Jian
 11865 | D:11     | Noticed a manticore
 11874 | D:11     | Killed a manticore
 12383 | D:11     | Found a snail-covered altar of Cheibriados.
 12554 | D:11     | Learned a level 3 spell: Swiftness
 12739 | D:5      | Killed YordlordTheGreat's ghost
 12975 | Lair:1   | Entered Level 1 of the Lair of Beasts
 12986 | Lair:1   | Reached skill level 5 in Evocations
 13034 | Lair:1   | Found a frozen archway.
 13035 | Lair:1   | Reached XP level 12. HP: 69/96 MP: 14/18
 13057 | Lair:1   | Reached skill level 10 in Fighting
 13237 | IceCv    | Entered an ice cave
 13240 | IceCv    | Reached **** piety under Wu Jian
 13584 | IceCv    | Identified the +5 ring mail of Uzxo {rElec MP+9 SInv}
 13745 | IceCv    | Noticed a reaper
 13746 | IceCv    | Killed a reaper
 14112 | Lair:1   | You fall into a shaft and drop 1 floor!
 14673 | Lair:2   | Reached skill level 15 in Long Blades
 14850 | Lair:2   | Learned a level 3 spell: Passwall
 14854 | Lair:2   | Learned a level 3 spell: Mephitic Cloud
 14966 | Lair:2   | Noticed a skyshark
 14972 | Lair:2   | Killed a skyshark
 14973 | Lair:2   | Reached skill level 1 in Throwing
 14973 | Lair:2   | Reached skill level 1 in Invocations
 14973 | Lair:2   | Reached XP level 13. HP: 109/109 MP: 8/19
 15171 | Lair:2   | Noticed an eleionoma
 15172 | Lair:2   | Found a staircase to the Swamp.
 15177 | Lair:2   | Killed an eleionoma
 15474 | D:9      | Bought the ring of Sin {rPois AC+4} for 708 gold pieces
 15823 | Lair:3   | Noticed Sonja
 15827 | Lair:3   | Killed Sonja
 15986 | Lair:3   | Noticed Nergalle
 15988 | Lair:3   | Killed Nergalle
 16467 | Lair:3   | Found a hole to the Spider Nest.
 17771 | Lair:4   | Reached XP level 14. HP: 120/120 MP: 20/20
 18295 | Lair:5   | Entered Level 5 of the Lair of Beasts
 18454 | Lair:5   | Found a runed translucent door.
 18455 | Lair:5   | Noticed SliceSliceBaby's ghost (journeyman MiFi)
 18508 | Lair:5   | Found a shadowy altar of Dithmenos.
 18524 | Lair:5   | Reached skill level 5 in Throwing
 18697 | Lair:5   | Found a staircase to the Slime Pits.
 19010 | Lair:5   | Noticed a dire elephant
 19023 | Lair:5   | Killed a dire elephant
 19024 | Lair:5   | Reached skill level 15 in Fighting
 19093 | Lair:5   | Noticed a dire elephant
 19106 | Lair:5   | Killed a dire elephant
 19156 | Lair:5   | Noticed a dire elephant
 19156 | Lair:5   | Noticed a dire elephant
 19602 | Lair:5   | Killed a dire elephant
 19610 | Lair:5   | Killed a dire elephant
 19611 | Lair:5   | Reached skill level 5 in Armour
 19686 | Lair:5   | Identified the -1 pair of gloves of the Ant {rElec rF- rN+}
 20047 | Lair:5   | Killed SliceSliceBaby's ghost
 20137 | Lair:5   | Identified the +6 mace of the Spectre {freeze, rC+ rCorr}
 20569 | Orc:1    | Entered Level 1 of the Orcish Mines
 20675 | Orc:2    | Entered Level 2 of the Orcish Mines
 20755 | Orc:2    | Reached XP level 15. HP: 124/130 MP: 21/21
 21170 | Orc:2    | Found Afuodaxi's Weapon Emporium.
 21171 | Orc:2    | Reached ***** piety under Wu Jian
 21175 | Orc:2    | Paralysed by an ogre mage for 4 turns
 21183 | Orc:2    | Reached skill level 10 in Dodging
 21201 | Orc:2    | Found Ucuphyd's General Store.
 21253 | Orc:2    | Found Ororu's Jewellery Emporium.
 21279 | Orc:2    | Found Dopt's General Store.
 21652 | Orc:2    | Found Ophaotok's CLEARANCE SALE!.
 21670 | Orc:2    | Bought a condenser vane for 160 gold pieces
 21670 | Orc:2    | Bought a potion of haste for 40 gold pieces
 21670 | Orc:2    | Bought 5 silver javelins for 180 gold pieces
 21670 | Orc:2    | Bought a scroll of fog for 16 gold pieces
 21719 | Orc:2    | Found a staircase to the Elven Halls.
 21773 | Orc:2    | Bought a +1 rapier of electrocution for 221 gold pieces
 21931 | D:12     | Noticed Psyche
 21967 | D:12     | Killed Psyche
 21986 | D:12     | Noticed Rupert
 21993 | D:12     | Killed Rupert
 23094 | D:13     | Noticed Nessos
 23102 | D:13     | Killed Nessos
 24133 | D:14     | Reached skill level 1 in Shields
 24242 | D:14     | Reached XP level 16. HP: 114/141 MP: 22/22
 24390 | D:14     | Found a gate to the Vaults.
 24826 | D:15     | Entered Level 15 of the Dungeon
 24900 | D:15     | Found Deefai's Elemental Accessories.
 24911 | D:15     | Found a staircase to the Depths.
 25063 | D:15     | Bought a lightning rod (4/4) for 720 gold pieces
 25287 | D:15     | Reached skill level 5 in Shields
 25343 | D:15     | Found a runed translucent gate.
 25343 | D:15     | Found a runed translucent gate.
 25343 | D:15     | Found a runed translucent gate.
 26104 | Swamp:1  | Entered Level 1 of the Swamp
 27173 | Swamp:2  | Reached skill level 10 in Evocations
 27917 | Swamp:3  | Noticed Louise
 27918 | Swamp:3  | Noticed a thorn hunter
 28034 | Spider:1 | Entered Level 1 of the Spider Nest
 28910 | Spider:1 | Reached XP level 17. HP: 149/149 MP: 23/23
 29787 | Spider:2 | Found a transporter.
 29788 | Spider:2 | Found a transporter.
 29822 | Spider:2 | Got the +2 pair of boots of Dust Devil {rElec rN+ Int+3
                  | Stlth-}
 29983 | Spider:2 | You fall into a shaft and drop 1 floor!
 31664 | Spider:4 | Entered Level 4 of the Spider Nest
 32030 | Spider:4 | Identified the +2 ring mail of Nijekkass {Will+}
 32174 | Spider:4 | Identified the +1 great mace of Wu Jian's Favour {protect,
                  | rN+}
 33011 | Spider:4 | Reached XP level 18. HP: 131/158 MP: 24/24
 33296 | Spider:4 | Got a gossamer rune of Zot
 33800 | Swamp:3  | Noticed Donald
 33818 | Swamp:3  | Killed Donald
 33822 | Swamp:3  | Killed Louise
 34400 | Swamp:3  | Reached skill level 15 in Dodging
 34689 | Swamp:4  | Entered Level 4 of the Swamp
 34692 | Swamp:4  | Noticed Bai Suzhen
 34779 | Swamp:4  | Killed Bai Suzhen
 35159 | Swamp:4  | Learned a level 2 spell: Blink
 35177 | Swamp:4  | Noticed Roxanne
 35414 | Swamp:4  | Killed Roxanne
 35445 | Swamp:4  | Acquired a +2 pair of gloves of dexterity
 35619 | Swamp:4  | Noticed the 27-headed Lernaean hydra
 35636 | Swamp:4  | Killed the 20-headed Lernaean hydra
 35936 | Swamp:4  | Reached ****** piety under Wu Jian
 35999 | Swamp:4  | Got a decaying rune of Zot
 36105 | Swamp:4  | Reached skill level 10 in Shields
 36597 | D:15     | Found a runed translucent gate.
 36597 | D:15     | Found a runed translucent gate.
 36598 | D:15     | Found a runed translucent gate.
 36598 | D:15     | Noticed Cuam's ghost (journeyman TrCK)
 36598 | D:15     | Noticed a tentacled monstrosity
 36614 | D:15     | Killed a tentacled monstrosity
 36618 | D:15     | Gained mutation: You are occasionally teleported next to
                  | monsters. [a cacodemon]
 36632 | D:15     | Killed Cuam's ghost
 36780 | D:15     | Identified the +2 robe of Complete Protection {+Inv Will+
                  | Str+4}
 36998 | D:15     | Lost mutation: You are occasionally teleported next to
                  | monsters. [potion of mutation]
 36998 | D:15     | Gained mutation: You are agile. (Dex +4, Str/Int -1)
                  | [potion of mutation]
 36998 | D:15     | Gained mutation: You occasionally lose the ability to read
                  | scrolls when taking damage. [potion of mutation]
 36999 | D:15     | Lost mutation: You are agile. (Dex +4, Str/Int -1) [potion
                  | of mutation]
 36999 | D:15     | Lost mutation: You occasionally lose the ability to read
                  | scrolls when taking damage. [potion of mutation]
 36999 | D:15     | Gained mutation: You expend magic power (3 MP) to
                  | strengthen your wands. [potion of mutation]
 36999 | D:15     | Gained mutation: You have a pair of small horns on your
                  | head. [potion of mutation]
 36999 | D:15     | Gained mutation: You have hidden genetic potential. [potion
                  | of mutation]
 37131 | Elf:1    | Entered Level 1 of the Elven Halls
 37230 | Elf:1    | Reached XP level 19. HP: 167/167 MP: 25/25
 37362 | Elf:1    | Found a shimmering blue altar of Sif Muna.
 37490 | Elf:1    | Noticed a Brimstone Fiend
 37674 | Elf:1    | Got Sif Muna's Incunabulum of Assembling
 38382 | Elf:2    | Found a runed translucent gate.
 38383 | Elf:2    | Found a runed translucent gate.
 38383 | Elf:2    | Found a runed translucent gate.
 38383 | Elf:2    | Noticed Yphese Lihe's ghost (adept MiFi)
 38733 | Elf:2    | Found a runed translucent gate.
 38733 | Elf:2    | Found a runed translucent gate.
 38744 | Elf:2    | Found a runed translucent gate.
 39024 | Elf:2    | Noticed Jorgrun
 39036 | Elf:2    | Killed Jorgrun
 39253 | Elf:2    | Noticed Azrael
 39265 | Elf:2    | Killed Azrael
 39333 | Elf:2    | Reached skill level 10 in Armour
 40544 | Elf:2    | Killed Yphese Lihe's ghost
 40687 | Elf:3    | Entered Level 3 of the Elven Halls
 40705 | Elf:3    | Found Roxkut's General Store.
 40714 | Elf:3    | Bought a scroll of enchant weapon for 135 gold pieces
 40714 | Elf:3    | Bought a scroll of fear for 72 gold pieces
 40876 | Elf:3    | Gained mutation: You are resistant to electric shocks.
                  | (rElec) [hidden potential]
 41271 | Elf:3    | Reached XP level 20. HP: 176/176 MP: 26/26
 41678 | Elf:3    | Noticed a Brimstone Fiend
 41680 | Elf:3    | Identified the +1 rapier "Killer Bee's Curse" {holy, rPois
                  | Str+3 Int+2}
 41699 | Abyss:2  | Cast into level 2 of the Abyss (a deep elf demonologist)
 41748 | Elf:3    | Escaped the Abyss
 41967 | Elf:3    | Identified the ring "Mepack" {*Slow Fly Int+6 Dex+3}
 42196 | Elf:3    | Identified the +2 falchion of the Lumpy Curses {chaos,
                  | +Blink rN+ Str-2 Int+3}
 43381 | Elf:3    | Identified the staff of the Carved God {^Contam rElec rF+
                  | rN+++ Dex-5 Fire}
 43500 | Elf:3    | Identified the +5 glaive "Toufeju" {freeze, rF- Will+
                  | Str+3}
 43505 | Elf:3    | Got An Early Guide to Wizarding
 43521 | Elf:3    | Identified the staff "Ratafih" {^Fragile rCorr Dex+5 Conj
                  | Ice}
 43787 | Vaults:1 | Entered Level 1 of the Vaults
 43877 | Vaults:1 | Identified the +0 plate armour of Dishonesty {Rampage rC+
                  | Will+ Dex-2}
 44443 | Vaults:1 | Reached skill level 15 in Evocations
 44727 | Vaults:1 | Identified the +6 great sword of Faraot {pain, SInv}
 44968 | Vaults:1 | Gained mutation: You are partially covered in iridescent
                  | scales. (AC +2) [hidden potential]
 44968 | Vaults:1 | Lost mutation: You have hidden genetic potential. [hidden
                  | potential expressed]
 45003 | Vaults:1 | You fall into a shaft and drop 1 floor!
 45271 | Vaults:2 | Found Nuden's Weapon Emporium.
 45819 | Vaults:2 | Paralysed by a sphinx for 2 turns
 45832 | Vaults:2 | Reached XP level 21. HP: 171/183 MP: 27/27
 46571 | Vaults:2 | Reached skill level 1 in Earth Magic
 47013 | Vaults:2 | Found a staircase to the Crypt.
 47601 | Vaults:3 | Reached skill level 5 in Stealth
 47651 | Vaults:3 | Noticed Norris
 47663 | Vaults:3 | Killed Norris
 47824 | Vaults:3 | Found Tyujyvo's Magic Scroll Shop.
 47828 | Vaults:3 | Bought a scroll of fog for 76 gold pieces
 47828 | Vaults:3 | Bought a scroll of fog for 76 gold pieces
 47828 | Vaults:3 | Bought a scroll of fear for 76 gold pieces
 47828 | Vaults:3 | Bought a scroll of teleportation for 57 gold pieces
 47828 | Vaults:3 | Bought a scroll of summoning for 180 gold pieces
 48214 | Vaults:3 | Identified the +1 trident of the Known World {vamp, rF- rC+
                  | Will+}
 48293 | Vaults:3 | Reached skill level 5 in Spellcasting
 48687 | Vaults:4 | Paralysed by a sphinx for 3 turns
 48735 | Vaults:4 | Found a magical portal.
 48771 | WizLab   | Entered Borgnjor's Mausoleum
 48821 | WizLab   | Reached skill level 5 in Alchemy
 48848 | WizLab   | Reached XP level 22. HP: 60/190 MP: 15/29
 49258 | WizLab   | Reached skill level 5 in Invocations
 50567 | Vaults:4 | Reached skill level 15 in Shields
 50666 | Vaults:4 | Found Acsash's Weapon Shoppe.
 50737 | Vaults:4 | Noticed Boris
 50754 | Vaults:4 | Killed Boris
 50804 | Vaults:4 | Reached skill level 5 in Conjurations
 51802 | Depths:1 | Entered Level 1 of the Depths
 52143 | Depths:1 | Found Zuiko's Magic Scroll Emporium.
 52150 | Depths:1 | Bought a scroll of teleportation for 39 gold pieces
 52150 | Depths:1 | Bought a scroll of vulnerability for 52 gold pieces
 52150 | Depths:1 | Bought a scroll of immolation for 52 gold pieces
 52150 | Depths:1 | Found Feagesan's General Store.
 52156 | Depths:1 | Bought a scroll of teleportation for 42 gold pieces
 52156 | Depths:1 | Bought 2 potions of berserk rage for 140 gold pieces
 52477 | Depths:1 | Found a gateway to Hell.
 52496 | Depths:1 | Found a runed translucent door.
 52497 | Depths:1 | Noticed Hauff's ghost (veteran GrEE)
 52691 | Depths:1 | Found a one-way gate leading to the halls of Pandemonium.
 53076 | Depths:1 | Found a one-way gateway to a ziggurat.
 53548 | Depths:1 | Reached skill level 10 in Stealth
 53548 | Depths:1 | Reached XP level 23. HP: 176/196 MP: 32/32
 53907 | Depths:2 | Found a flickering gateway to a bazaar.
 53915 | Bazaar   | Entered a bazaar
 53924 | Bazaar   | Found Fibbysev's Book Emporium.
 53935 | Bazaar   | Found Ygoovuos's Antique Armour Boutique.
 53943 | Bazaar   | Found Sanuon's General Store.
 53951 | Bazaar   | Bought a scroll of immolation for 44 gold pieces
 53965 | Bazaar   | Found Omoj's Antique Weapon Shop.
 53973 | Bazaar   | Found Iptear's Magic Scroll Shop.
 53981 | Bazaar   | Bought a scroll of revelation for 82 gold pieces
 53981 | Bazaar   | Bought a scroll of revelation for 82 gold pieces
 53981 | Bazaar   | Bought a scroll of immolation for 44 gold pieces
 54325 | Depths:2 | Reached skill level 5 in Earth Magic
 54595 | Depths:2 | You fall into a shaft and drop 2 floors!
 54595 | Depths:4 | Entered Level 4 of the Depths
 54650 | Depths:4 | Noticed Vv
 54664 | Depths:4 | Killed Vv
 54824 | Depths:3 | Found Geroehay's Antique Armour Shop.
 55736 | Depths:3 | Found a one-way gate to the infinite horrors of the Abyss.
 56154 | Depths:3 | Found Bobboog's Book Emporium.
 56155 | Depths:3 | Found Litifun's Jewellery Boutique.
 56157 | Depths:3 | Found Mivasar's Book Emporium.
 56161 | Depths:3 | Identified the +0 leather armour "Unaozabb" {rN+ Str+2}
 56355 | Depths:3 | Noticed a caustic shrike
 56644 | Depths:3 | Killed a caustic shrike
 56669 | Depths:3 | Reached skill level 10 in Invocations
 58274 | Depths:4 | Found an ancient bone altar of Kikubaaqudgha.
 58294 | Depths:4 | Reached skill level 10 in Alchemy
 58321 | Depths:4 | Learned a level 5 spell: Irradiate
 58426 | Depths:4 | Reached XP level 24. HP: 204/204 MP: 33/33
 58598 | Depths:4 | Found Ruesi's Book Emporium.
 58875 | Depths:4 | Reached skill level 1 in Translocations
 58886 | Depths:4 | Identified the staff "Jiupay" {+Blink rPois Alchemy}
 59289 | Depths:4 | Found a gate to the Realm of Zot.
 60740 | Vaults:5 | Entered Level 5 of the Vaults
 61052 | Vaults:5 | Reached skill level 15 in Alchemy
 61053 | Vaults:5 | Identified the +4 falchion of Royalism {speed, Int+2}
 61289 | Vaults:5 | Reached XP level 25. HP: 210/210 MP: 33/33
 61305 | Vaults:5 | Found Jyuka's Distillery.
 61317 | Vaults:5 | Found Bidghops's Distillery.
 61331 | Vaults:5 | Found Lesiriup's Distillery.
 61395 | Vaults:5 | Got a silver rune of Zot
 61642 | Vaults:5 | Got the Volume of Ice and the Volley
 61677 | Vaults:5 | Identified the +1 trident of Blood {drain, Fly rElec Will+}
 61910 | Vaults:5 | Noticed a dread lich
 61916 | Vaults:5 | Noticed an ancient lich
 61919 | Vaults:5 | Killed a dread lich
 61930 | Vaults:5 | Killed an ancient lich
 62199 | Vaults:5 | Identified the +0 leather armour of Death's Door {rPois
                  | rC+}
 62346 | Vaults:5 | Noticed an ancient lich
 62356 | Vaults:5 | Killed an ancient lich
 62800 | Orc:2    | Bought a potion of resistance for 130 gold pieces
 62800 | Orc:2    | Bought a sack of spiders for 520 gold pieces
 62800 | Orc:2    | Bought a potion of resistance for 130 gold pieces
 62800 | Orc:2    | Bought a scroll of fear for 52 gold pieces
 62846 | Orc:2    | Bought a potion of might for 56 gold pieces
 63104 | Vaults:5 | Bought a potion of resistance for 140 gold pieces
 63104 | Vaults:5 | Bought a potion of haste for 140 gold pieces
 63104 | Vaults:5 | Bought a potion of heal wounds for 70 gold pieces
 63104 | Vaults:5 | Bought a potion of magic for 112 gold pieces
 63111 | Vaults:5 | Bought a potion of haste for 230 gold pieces
 63111 | Vaults:5 | Bought a potion of haste for 230 gold pieces
 63111 | Vaults:5 | Bought a potion of invisibility for 184 gold pieces
 63111 | Vaults:5 | Bought a potion of might for 92 gold pieces
 63459 | Zot:1    | Entered Level 1 of the Realm of Zot
 63792 | Zot:1    | Reached skill level 5 in Translocations
 64582 | Zot:2    | Noticed a Killer Klown
 64595 | Zot:2    | Killed a Killer Klown
 64902 | Zot:2    | Found the +8 arc blade {discharge, rElec}
 65215 | Zot:2    | Identified the ring "Ziylusah" {rElec rPois Str-5 Int+6}
 65278 | Zot:2    | Identified the +0 glaive "Hoolubla" {drain, Fly Will+++
                  | Int-4 SInv}
 65296 | Zot:2    | Identified the +7 chain mail of Autotheism {Harm rN+++
                  | Str-2 Dex-4}
 65363 | Zot:2    | Reached skill level 15 in Invocations
 65646 | Zot:2    | Noticed Parghit
 66060 | Depths:1 | Bought a book of Party Tricks for 308 gold pieces
 66062 | Depths:1 | Learned a level 1 spell: Apportation
 66489 | Zot:2    | Found the +8 storm bow {elec, penet}
 66552 | Zot:2    | Identified the ring of Bekeah {rPois rC+ MP+9 Str+2 SInv}
 67121 | Vaults:5 | Bought a potion of enlightenment for 115 gold pieces
 67121 | Vaults:5 | Bought a potion of might for 92 gold pieces
 67132 | Vaults:5 | Bought a potion of enlightenment for 95 gold pieces
 67132 | Vaults:5 | Bought a potion of mutation for 152 gold pieces
 67132 | Vaults:5 | Bought a potion of resistance for 190 gold pieces
 67132 | Vaults:5 | Bought a potion of enlightenment for 95 gold pieces
 67132 | Vaults:5 | Bought a potion of heal wounds for 95 gold pieces
 67132 | Vaults:5 | Bought a potion of haste for 190 gold pieces
 67134 | Vaults:5 | Bought a potion of berserk rage for 95 gold pieces
 67847 | Zot:3    | Reached XP level 26. HP: 122/218 MP: 20/35
 69186 | Vaults:5 | Bought a potion of berserk rage for 95 gold pieces
 71031 | Zot:5    | Entered Level 5 of the Realm of Zot
 72144 | Zot:4    | Identified the ring of Maid {Ice Dex+3 Stlth-}
 72144 | Zot:4    | Noticed Josephina
 72167 | Zot:4    | Killed Josephina
 73249 | Zot:5    | Noticed an orb of fire
 73251 | Zot:5    | Noticed an orb of fire
 73252 | Zot:5    | Noticed an orb of fire
 73291 | Zot:5    | Noticed an orb of fire
 73291 | Zot:5    | Noticed a dread lich
 73319 | Zot:5    | Killed a dread lich
 73337 | Zot:5    | Noticed an orb of fire
 73345 | Zot:5    | Noticed an ancient lich
 73351 | Zot:5    | Killed an orb of fire
 73352 | Zot:5    | Noticed a Killer Klown
 73353 | Zot:5    | Reached XP level 27. HP: 224/224 MP: 37/37
 73353 | Zot:5    | Noticed an orb of fire
 73353 | Zot:5    | Killed an ancient lich
 73358 | Zot:5    | Killed an orb of fire
 73366 | Zot:5    | Killed an orb of fire
 73368 | Zot:5    | Gained mutation: You occasionally lose the ability to read
                  | scrolls when taking damage. [an orb of fire]
 73370 | Zot:5    | Killed an orb of fire
 73394 | Zot:5    | Noticed an orb of fire
 73394 | Zot:5    | Noticed an ancient lich
 73560 | Zot:4    | Gained mutation: You are dopey. (Int -2) [an orb of fire]
 73572 | Zot:4    | Killed an orb of fire
 73716 | Zot:5    | Gained mutation: Your magical capacity is low. (-10% MP)
                  | [an orb of fire]
 73728 | Zot:5    | Killed an orb of fire
 74015 | Zot:5    | Killed an ancient lich
 74032 | Zot:5    | Gained mutation: You are frail. (-10% HP) [an orb of fire]
 74033 | Zot:5    | Killed an orb of fire
 74347 | Zot:5    | Noticed an ancient lich
 74355 | Zot:5    | Killed an ancient lich
 74355 | Zot:5    | Reached skill level 15 in Stealth
 74554 | Zot:5    | Reached skill level 15 in Armour
 74561 | Zot:5    | Got the Orb of Zot
 74598 | Zot:5    | Lost mutation: You are dopey. (Int -2) [potion of mutation]
 74598 | Zot:5    | Lost mutation: You are frail. (-10% HP) [potion of
                  | mutation]
 74598 | Zot:5    | Gained mutation: You have hidden genetic potential. [potion
                  | of mutation]
 74598 | Zot:5    | Gained mutation: You are agile. (Dex +4, Str/Int -1)
                  | [potion of mutation]
 74809 | Depths:2 | Noticed Munuanux the pandemonium lord
 75058 | D:10     | Noticed Boris
 75246 | D:1      | Noticed Ifevoor the pandemonium lord
 75253 | D:1      | Killed Ifevoor the pandemonium lord
 75368 | D:1      | Noticed Bifer the pandemonium lord
 75396 | D:1      | Killed Bifer the pandemonium lord
 75403 | D:$      | Escaped with the Orb!

Illustrated notes

Levels and vault maps discovered:
D:1:      mrwooster_arrival_arrow, layout_basic,
          ebering_ecumenical_altar_sacrificial
D:2:      kennysheep_big_flooded_room, layout_basic, serial_shops, shop
D:3:      layout_rooms, hellmonk_ghost_happy_afterlife,
          corexii_item_surrounded_by_moat
D:4:      layout_basic, nicolae_overflow_squiral, minivault_14
D:5:      old_forge, layout_basic, serial_shops, shop,
          biasface_ghost_orc_armoury, nicolae_elevator_lobby_asterisk, uniq_ijyb
D:6:      nicolae_cairo_tiling_large_dashed, layout_loops_ring,
          minmay_temple_entry_wispy
D:7:      layout_loops_ring, dreamdust_mushroom_princess
D:8:      layout_basic, corexii_checkpoint, nicolae_wwwww,
          minmay_strange_pillars, nicolae_shop_fire_sale
          [nicolae_sub_dead_trees]
D:9:      layout_basic, nicolae_yredelemnul_corpse_copse, serial_shops, shop,
          uniq_grum
D:10:     layout_irregular_city, dpeg_oklobed_lair, orc_0_dummy,
          corexii_hall_statues_x, hangedman_decor_slide_cut
D:11:     layout_basic, cheibrodos_worm_habitat
D:12:     minmay_goldmine, layout_rooms, uniq_rupert, uniq_psyche
D:13:     layout_loops_corners, uniq_nessos
D:14:     layout_cave_pools, erik_vaults_2
D:15:     grunt_enter_depths_giant_problem, layout_stronghold,
          hangedman_glass_teeth, ploomutoo_gammafunk_ghost_potion_laboratory,
          nicolae_elemental_shop
Temple:   compressed_dpeg_triangle_lava_temple
Lair:1:   layout_loops_ring, portal_ice_cave_rime, chequers_serial_rivers_room_a
Lair:2:   layout_cellular_growth, alex1729_swamp_entry_worm_eleionoma,
          grunt_megastairs_2
Lair:3:   layout_big_grid, hellmonk_spider_entry_life_and_decay,
          serial_bayou_shore_b, uniq_nergalle, uniq_sonja
Lair:4:   layout_regular_city, st_stairs_6, disabler_island, grunt_megastairs_1
Lair:5:   due_jungle_book, layout_long_grid, dpeg_slime_entry_corner,
          basic_altar, gammafunk_ghost_grave, infiniplex_staircase_pool_2
Swamp:1:  layout_basic_swamp, serial_swamp_ruin, evilmike_swamp_ruin_rubble_2,
          evilmike_swamp_ruin_house_2, swamp_pool_4
Swamp:2:  layout_basic_swamp, nicolae_swamp_bean_lake, swamp_pool_4,
          nicolae_swamp_bunyip_nook
Swamp:3:  layout_basic_swamp, evilmike_swamp_ruin_house_6, swamp_pool_1_2,
          uniq_louise, uniq_donald
Swamp:4:  swamp_old_school, layout_basic_swamp, swamp_pool_1_2,
          nicolae_swamp_big_swirl, uniq_roxanne, uniq_bai_suzhen
Spider:1: layout_spider_delve
Spider:2: gammafunk_boulding_lane
Spider:3: layout_spider_delve
Spider:4: hellmonk_spider_rune_bug_friends, nicolae_spider_eight_legs
Orc:1:    layout_caves
Orc:2:    st_orc_town, layout_diamond_mine, serial_shops,
          nicolae_shop_tiny_glass, nicolae_shop_clearance
Elf:1:    layout_gridlike, basic_altar, minmay_elf_demonology
Elf:2:    nicolae_elf_blades_splatter_lattice [nicolae_blade_entry_pointy_end],
          layout_geoelf_octagon, gammafunk_ghost_split, uniq_azrael,
          uniq_jorgrun
Elf:3:    minmay_elf_hall_quartered_circle, layout_onion_city, serial_shops,
          nicolae_shop_window_shopping
Vaults:1: hangedman_vaults_stretched_pinwheel, nicolae_vaults_little_ls,
          vaults_standard_mumra_x, nicolae_vaults_storage_room_water,
          nicolae_vaults_what_the_h, nicolae_vaults_wine_cellar,
          nicolae_vaults_hallways_thing, nicolae_vaults_little_squares_3,
          nicolae_vaults_shrinking_rooms_2, nicolae_vaults_trapezoid_lopsided_4,
          nicolae_vaults_trapezoid_2, vaults_room_semicircle,
          grunt_vaults_swirl, nicolae_vaults_closet_pinwheel_4,
          nicolae_vaults_tetromino_L_2, vaults_room_hangedman_quadrants,
          layout_vaults_maze_snakey
Vaults:2: vaults_dpeg_emergency_exit, v_rooms_1,
          minmay_crypt_entry_simple_walls, vaults_room_fours, vaults_dpeg_cross,
          hangedman_vaults_stitches, ontoclasm_vaults_chip,
          ontoclasm_vaults_twist, v_alt_pattern_3, ontoclasm_vaults_bender,
          vaults_mumra_hexcomb, nicolae_vaults_taking_the_gang_shopping,
          vaults_dpeg_encased_lava, layout_vaults_ring
Vaults:3: nicolae_vaults_network_quinsquares
          [nicolae_vaults_network_quincunx_subvault,
          nicolae_vaults_network_quincunx_subvault,
          nicolae_vaults_network_quincunx_subvault,
          nicolae_vaults_network_quincunx_subvault], serial_ice_m, v_misc_30,
          nicolae_vaults_security_offices_6, v_misc_25, hangedman_vaults_slice,
          hangedman_vaults_slice, v_rooms_6, hangedman_vaults_maws,
          nicolae_vaults_house_2, ontoclasm_vaults_decontamination,
          nicolae_vaults_trapezoid_1, layout_vaults_big_room, serial_shops,
          shop_statue, uniq_norris
Vaults:4: mu_enter_wizlab_2, nicolae_vaults_bisected_exclaves,
          nicolae_vaults_cochlea, nicolae_vaults_diagonal_hallway_8,
          nicolae_vaults_house_2, ontoclasm_vaults_ligature,
          hangedman_vaults_cutoff, nicolae_vaults_storage_closets_1,
          serial_ice_h, vaults_mumra_minichess,
          nicolae_vaults_heart-shaped_vault, vaults_dpeg_diagonal,
          nicolae_vaults_sesquioval_fish, nicolae_vaults_shelves_hall,
          layout_vaults_omnicross, serial_shops, nicolae_shop_peninsula,
          uniq_boris
Vaults:5: serial_shops
Depths:1: layout_gridlike, enter_ziggurat_b, hell_entry, grunt_pan_entry_zigzag,
          muffindrake_ghost_three_little_ghosts, minmay_misc_feat_rows,
          grunt_ministairs_12, kennysheep_generic_room_16, minmay_shoptagon,
          firewood_loft
Depths:2: dreamdust_hydra_shepherd, layout_twisted_cross, serial_shops,
          bzr_in_the_mist, skrybe_limestone_x, grunt_pan_entry_in_and_out,
          hell_entry, minmay_staircase_statues_hall_small, grunt_megastairs_4
Depths:3: thingy_vault, layout_basic, hellmouth_2, abyss_entry,
          rand_demon_pan_entry_1, serial_shops, shop, minmay_misc_feat_enclosed,
          minmay_shop_grove, minmay_staircase_bubble
Depths:4: grunt_zot_entry_hairpin, layout_basic, serial_shops, shop,
          basic_altar, hell_entry, nicolae_fountain_basement, uniq_vv
Zot:1:    minmay_elemental_castle, layout_gridlike,
          hangedman_zot_decor_scrapings
Zot:2:    layout_cathedral_of_symmetry, regret_index_zotdec_under_construction,
          st_large_dragon_hoard_2, uniq_parghit
Zot:3:    lemuel_acid_trip, layout_onion, regret_index_zotdec_gossamer_parallel
Zot:4:    kennysheep_ambush_hall, layout_cellular_growth, st_stairs_2,
          uniq_josephina
Zot:5:    layout_cellular_growth

Skill      XL: |  1  2  3  4  5  6  7  8  9 10 11 12 13 14 15 16 17 18 19 20 21 22 23 24 25 26 27 |
---------------+----------------------------------------------------------------------------------+-----
Conjurations   | 1 2 3 4 5 7 8 |  8.0
Air Magic      | 3 4 6 7 8 9 |  9.0
Fighting       | 1 2 3 5 9 12 14 15 17 18 19 20 | 20.0
Alchemy        | 1 5 7 10 15 | 15.0
Short Blades   | 2 4 |  4.0
Armour         | 1 2 3 5 6 7 8 9 10 11 12 13 14 15 | 15.3
Spellcasting   | 3 4 5 6 7 |  7.0
Long Blades    | 4 10 12 13 15 | 15.7
Dodging        | 5 7 9 11 12 14 15 17 19 20 | 20.0
Evocations     | 2 5 6 8 9 10 11 12 14 15 | 15.0
Throwing       | 1 4 6 |  6.0
Invocations    | 1 2 4 7 11 12 16 20 | 20.1
Shields        | 2 6 8 10 11 13 14 15 16 | 16.9
Stealth        | 6 10 11 15 | 15.0
Earth Magic    | 3 4 6 |  6.7
Translocations | 3 6 7 |  7.0

Action                     |  1- 3 |  4- 6 |  7- 9 | 10-12 | 13-15 | 16-18 | 19-21 | 22-24 | 25-27 || total
---------------------------+-------+-------+-------+-------+-------+-------+-------+-------+-------++-------
  Melee: Dagger            |    17 |    24 |    12 |       |    95 |       |       |       |       ||   148
         Staff             |       |       |     1 |       |       |       |       |       |       ||     1
         Double sword      |       |       |    50 |   338 |   711 |  1106 |  1321 |  1488 |  1178 ||  6192
         Tailslap          |       |       |       |       |     2 |    34 |       |       |       ||    36
         Scimitar          |       |       |       |       |     4 |    81 |       |       |       ||    85
         Long sword        |       |       |       |       |       |     6 |    23 |    28 |    64 ||   121
         Headbutt          |       |       |       |       |       |     3 |   373 |   510 |   429 ||  1315
  Throw: Dart              |       |       |       |     2 |       |       |     3 |       |     3 ||     8
         Boomerang         |       |       |       |       |       |    40 |    18 |   149 |   141 ||   348
         Throwing net      |       |       |       |       |       |       |       |       |     3 ||     3
         Javelin           |       |       |       |       |       |       |       |       |    21 ||    21
   Cast: Shock             |    74 |    92 |   186 |    46 |     9 |     2 |       |       |       ||   409
         Static Discharge  |       |     5 |    10 |       |       |       |       |       |       ||    15
         Airstrike         |       |       |     6 |     9 |     6 |       |       |       |       ||    21
         Blink             |       |       |       |       |       |       |       |     7 |     2 ||     9
         Irradiate         |       |       |       |       |       |       |       |       |     9 ||     9
         Apportation       |       |       |       |       |       |       |       |       |     3 ||     3
 Invoke: Serpent's Lash    |       |       |       |     2 |    21 |    43 |    40 |    48 |    33 ||   187
         Heavenly Storm    |       |       |       |       |       |       |       |     1 |     1 ||     2
Ability: Lunge             |       |       |     4 |    22 |    57 |    59 |   123 |    90 |    54 ||   409
         Whirlwind         |       |       |       |    12 |   120 |   299 |   330 |   394 |   369 ||  1524
         Wall Jump         |       |       |       |       |       |     1 |       |     1 |       ||     2
  Evoke: Wand              |       |     5 |       |       |     2 |     2 |    12 |    19 |    43 ||    83
         Condenser vane    |       |       |       |       |     1 |     4 |     4 |     5 |     4 ||    18
         Phial of floods   |       |       |       |       |     1 |     1 |     2 |     1 |       ||     5
         Lightning rod     |       |       |       |       |       |    12 |    19 |    17 |     7 ||    55
         Phantom mirror    |       |       |       |       |       |       |     1 |     1 |     3 ||     5
         Sack of spiders   |       |       |       |       |       |       |       |       |     5 ||     5
    Use: Scroll            |       |     4 |     6 |    13 |     9 |    11 |    14 |     7 |    21 ||    85
         Potion            |       |       |       |       |       |    11 |     8 |     5 |    35 ||    59
   Stab: Paralysed         |       |       |       |       |     5 |     6 |       |     2 |    19 ||    32
         Sleeping          |       |       |       |       |       |     3 |       |     3 |     2 ||     8
         Distracted        |       |       |       |       |       |     2 |       |     7 |     6 ||    15
         Invisible         |       |       |       |       |       |       |       |       |    13 ||    13
         Held in net/web   |       |       |       |       |       |       |       |       |     5 ||     5
         Confused          |       |       |       |       |       |       |       |       |     2 ||     2
 Armour: Robe              |    15 |     9 |       |       |       |       |       |       |       ||    24
         Leather armour    |       |    33 |    98 |   128 |       |       |       |       |       ||   259
         Ring mail         |       |       |       |    21 |   376 |   610 |   393 |   456 |   442 ||  2298
  Dodge: Dodged            |    13 |    16 |    80 |   137 |   428 |   779 |   559 |   750 |   555 ||  3317
  Block: Kite shield       |       |       |       |       |       |   754 |   657 |   881 |   735 ||  3027
         Buckler           |       |       |       |       |       |     8 |       |       |       ||     8

Table legend: (Time is in decaauts)
 A = Elapsed time spent in this place.
 B = Non-inter-level travel time spent in this place.
 C = Inter-level travel time spent in this place.
 D = Time resting spent in this place.
 E = Time spent auto-exploring this place.
 F = Levels seen in this place.
 G = Mean time per level.
                   A        B        C        D        E       F      G
               +--------+--------+--------+--------+--------+-----+--------+
         Total |  74291 |  64209 |  10082 |   5919 |  44263 |  52 | 1428.7 |
       Dungeon |  19427 |  16505 |   2922 |   1703 |  12194 |  15 | 1295.1 |
        Temple |      1 |      0 |      1 |      0 |      0 |   1 |    1.0 |
          Lair |   7529 |   6494 |   1035 |    104 |   5356 |   5 | 1505.8 |
         Swamp |   3960 |   3703 |    257 |     69 |   2812 |   4 |  990.0 |
   Spider Nest |   5220 |   4678 |    542 |    590 |   2907 |   4 | 1305.0 |
  Orcish Mines |   1669 |   1130 |    539 |      0 |    855 |   2 |  834.5 |
   Elven Halls |   5678 |   5338 |    340 |    219 |   3765 |   3 | 1892.7 |
        Vaults |   9289 |   7893 |   1396 |    326 |   5717 |   5 | 1857.8 |
        Depths |  10173 |   7876 |   2297 |    449 |   5755 |   4 | 2543.2 |
           Zot |   9095 |   8345 |    750 |   1702 |   4317 |   5 | 1819.0 |
         Abyss |     38 |     38 |      0 |      0 |      0 |   1 |   38.0 |
        Bazaar |     75 |     75 |      0 |      0 |     58 |   1 |   75.0 |
      Ice Cave |    679 |    679 |      0 |    100 |    337 |   1 |  679.0 |
        Wizlab |   1452 |   1452 |      0 |    654 |    188 |   1 | 1452.0 |
               +--------+--------+--------+--------+--------+-----+--------+

Top non-repeatable levels by time:
Depths:4: 3115 daAuts
   Elf:2: 2528 daAuts
   Zot:2: 2509 daAuts
Depths:1: 2486 daAuts
Depths:3: 2360 daAuts
Depths:2: 2210 daAuts
  Lair:5: 2161 daAuts
Vaults:2: 2106 daAuts
   Zot:4: 2048 daAuts
    D:15: 1973 daAuts
   Zot:3: 1956 daAuts
Vaults:5: 1943 daAuts
     D:5: 1924 daAuts
   Elf:3: 1922 daAuts
Vaults:4: 1913 daAuts
